 Dungeon Crawl Stone Soup version 0.28.0-47-ge53b351184 (webtiles) character file.

Game seed: 3889265161228282484

194 nickcage the Vexing (level 5, 0/24 HPs)
             Began as a Spriggan Enchanter on May 3, 2022.
             Slain by Grinder (4 damage)
             ... on level 3 of the Dungeon.
             The game lasted 00:08:06 (3831 turns).

nickcage the Vexing (Spriggan Enchanter)            Turns: 3831, Time: 00:08:07

Health: 0/24       AC: 10    Str:  4    XL:     5   Next: 44%
Magic:  10/10      EV: 17    Int: 16    God:
Gold:   17         SH:  0    Dex: 18    Spells: 8/10 levels left

rFire   . . .      SeeInvis +   a - +2 dagger (protect)
rCold   . . .      Faith    .   (no shield)
rNeg    . . .      Spirit   .   b - +1 robe
rPois   .          Reflect  .   (helmet restricted)
rElec   .          Harm     .   (no cloak)
rCorr   .          Rampage  .   (gloves unavailable)
Will    .....                   (boots unavailable)
Stlth   +++.......              (no amulet)
HPRegen 0.08/turn               n - +4 ring of slaying
MPRegen 0.12/turn               (no ring)

@: weak-willed, under a protective aura, very quick
A: very small, no large weapons, unfitting armour, see invisible, speed 3
a: no special abilities


You were on level 3 of the Dungeon.
You visited 1 branch of the dungeon, and saw 3 of its levels.

You collected 45 gold pieces.
You spent 28 gold pieces at shops.

Inventory:

Hand Weapons
 a - a +2 dagger of protection (weapon)
Armour
 b - a +1 robe (worn)
 e - a +0 buckler
Jewellery
 n - a +4 ring of slaying (left hand)
Potions
 c - a potion of invisibility
 d - 2 potions of lignification
 g - a potion of berserk rage {unknown}
 j - a potion of might {unknown}
 m - a potion of curing {unknown}
 p - a potion of haste {unknown}


   Skills:
 + Level 3.7 Short Blades
 - Level 2.6 Dodging
 - Level 4.4 Stealth
 - Level 3.0 Spellcasting
 - Level 6.0 Hexes
 - Level 0.2 Ice Magic


You had 8 spell levels left.
You knew the following spells:

 Your Spells              Type           Power      Damage    Failure   Level
a - Ensorcelled Hibernat  Hex/Ice        24%        N/A       8%          2

Your spell library contained the following spells:

 Spells                   Type           Power      Damage    Failure   Level
 Confusing Touch          Hex            21%        N/A       4%          3
 Tukima's Dance           Hex            21%        N/A       4%          3
 Dazzling Flash           Conj/Hex       24%        N/A       16%         3


Dungeon Overview and Level Annotations

Branches:
Dungeon (3/15)

Altars:
Nemelex Xobeh

Shops:
D:3 ?

Annotations:
D:3 Grinder


Innate Abilities, Weirdness & Mutations

You are very small and have problems with some larger weapons.
You are too small for most types of armour.
You have supernaturally acute eyesight. (SInv)
You cover ground extremely quickly. (Speed+++)


Message History

Magic quickly surges around you.
It was a scroll of vulnerability.
As you read the scroll labelled COPECI SOCZIO, it crumbles to dust.
It is a scroll of amnesia.
Really abort (and waste the scroll)? [Y]es or [N]o only, please.
Really abort (and waste the scroll)?
Okay, then.
As you read the scroll labelled JUUHED ZOHANEE, it crumbles to dust.
It is a scroll of enchant weapon.
Your +1 dagger of protection glows red for a moment.
Grinder comes into view.
Grinder shouts!
You can't see any susceptible monsters within range! (Use Z to cast anyway.)
You barely miss Grinder. Grinder completely misses you.
You closely miss Grinder. Grinder barely misses you.
You closely miss Grinder. Grinder gestures at you.
You suddenly lose the ability to move!
Grinder blinks!
Grinder gestures at you.
You shrug off the repeated paralysis!
Grinder hits you but does no damage. Grinder hits you.
You writhe in agony.
You can move again.
You barely miss Grinder. Grinder hits you!
* * * LOW HITPOINT WARNING * * *
You writhe in agony.
* * * LOW HITPOINT WARNING * * *
You hit Grinder.
Your weapon exudes an aura of protection.
Grinder is lightly wounded.
Grinder closely misses you.
You barely miss Grinder.
Grinder is lightly wounded.
You puncture Grinder!
Grinder is moderately wounded.
Grinder hits you.
* * * LOW HITPOINT WARNING * * *
You writhe in agony.
You die...

#. #...# #
#.######.##
#######
#..#.. #.#
..(.... #.
... #.#
####### ..
#.# #. #.#
##.##.####.#
#..5#......#
#@......##
#...#####.#
##### #


You could see Grinder.

Vanquished Creatures
  Natasha (thrice) (D:2)
  A gnoll (D:1)
  4 adders
  4 dart slugs (D:2)
  4 bats
  8 endoplasms
  6 goblins
  4 hobgoblins
  5 jackals
  3 quokkas
  4 ball pythons
  2 frilled lizards
  11 kobolds
  8 rats
67 creatures vanquished.

Vanquished Creatures (others)
  11 plants (D:1)
11 creatures vanquished.

Grand Total: 78 creatures vanquished

Notes
Turn   | Place    | Note
-------+----------+-------------------------------------------
     0 | D:1      | nickcage the Spriggan Enchanter began the quest for the
                  | Orb.
     0 | D:1      | Reached XP level 1. HP: 9/9 MP: 5/5
   306 | D:1      | Reached skill level 4 in Hexes
   379 | D:1      | Reached XP level 2. HP: 7/13 MP: 6/6
  1019 | D:1      | Learned a level 2 spell: Ensorcelled Hibernation
  1548 | D:1      | You fall into a shaft and drop 1 floor!
  1561 | D:1      | Found a faded altar of an unknown god.
  1594 | D:1      | Reached XP level 3. HP: 15/16 MP: 1/8
  1632 | D:1      | Reached skill level 5 in Hexes
  2557 | D:2      | Noticed Natasha
  2566 | D:2      | Killed Natasha
  2567 | D:2      | Reached XP level 4. HP: 21/21 MP: 9/9
  2578 | D:2      | Noticed Natasha
  2586 | D:2      | Killed Natasha
  2587 | D:2      | Reached skill level 6 in Hexes
  2656 | D:2      | Found a sparkling altar of Nemelex Xobeh.
  2772 | D:2      | Noticed Natasha
  2777 | D:2      | Killed Natasha
  2810 | D:2      | Reached XP level 5. HP: 23/24 MP: 7/10
  3749 | D:3      | Found Obyel's Magic Scroll Shoppe.
  3802 | D:3      | Bought a scroll of identify for 28 gold pieces
  3818 | D:3      | Noticed Grinder
  3823 | D:3      | Paralysed by Grinder for 4 turns
  3831 | D:3      | Slain by Grinder

Illustrated notes

Levels and vault maps discovered:
D:1:      dpeg_arrival_houses_and_road, layout_basic,
          hellmonk_ecumenical_altar_arch_garden, lexackson_kobold_supper
D:2:      layout_loops_cross, basic_altar, uniq_natasha
D:3:      layout_loops_ring, ashenzari_altar_1, mainiacjoe_overflow_two_lobes,
          mainiacjoe_overflow_tiny_flanked, serial_shops,
          nicolae_shop_hallway_plus, shop, nicolae_shop_crystal, uniq_grinder

Skill      XL: |  1  2  3  4  5 |
---------------+----------------+-----
Hexes          | 4 5 6 |  6.0
Spellcasting   | 3 |  3.0
Short Blades   | 2 3 |  3.7
Dodging        | |  2.6
Stealth        | |  4.4
Ice Magic      | |  0.2

Action                   |  1- 3 |  4- 6 || total
-------------------------+-------+-------++-------
Melee: Dagger            |   121 |    78 ||   199
       Punch             |     3 |     1 ||     4
 Cast: Ensorcelled Hiber |    13 |    20 ||    33
  Use: Scroll            |       |     6 ||     6
 Stab: Distracted        |     1 |     1 ||     2
       Sleeping          |     9 |    17 ||    26
Armor: Robe              |     8 |     5 ||    13
Dodge: Dodged            |    71 |    48 ||   119
